 Dungeon Crawl Stone Soup version 0.24.0-13-gcf9b319 (webtiles) character file.

Game seed: 14630516840245278737, levelgen mode: deterministic

6787 Bronimir the Archer (level 10, -7/78 HPs)
             Began as a Centaur Arcane Marksman on Mar 30, 2020.
             Was a Believer of Makhleb.
             Mangled by a spiny frog (22 damage)
             ... on level 2 of the Lair of Beasts.
             The game lasted 00:38:05 (11684 turns).

Bronimir the Archer (Centaur Arcane Marksman)      Turns: 11684, Time: 00:38:06

Health: -7/78      AC: 15    Str: 17    XL:     10   Next: 76%
Magic:  6/16       EV: 11    Int: 12    God:    Makhleb [**....]
Gold:   184        SH:  0    Dex: 12    Spells: 1/17 levels left

rFire    + . .     SeeInvis +   b - +0 shortbow (flame)
rCold    . . .     Gourm    .   (shield currently unavailable)
rNeg     + . .     Faith    .   T - +5 robe of Foolhardiness {+Blink rN+ Dex+3}
rPois    .         Spirit   .   J - +1 helmet {SInv}
rElec    .         Reflect  .   P - +0 cloak
rCorr    .         Harm     .   (no gloves)
MR       .....                  (no barding)
Stlth    +.........             B - amulet of regeneration
HPRegen  0.63/turn              w - +3 ring of protection
MPRegen  0.15/turn              O - ring of protection from fire

@: lethally poisoned (-7 -> -17), very quick
A: large, hooves 3, deformed body, speed 2, tough skin 3
a: Minor Destruction, Renounce Religion, Evoke Blink


You were on level 2 of the Lair of Beasts.
You worshipped Makhleb.
Makhleb was pleased with you.
You were not hungry.

You visited 3 branches of the dungeon, and saw 11 of its levels.
You also visited: Sewer.

You collected 604 gold pieces.
You spent 420 gold pieces at shops.

Inventory:

Hand Weapons
 a - a +2 hand axe of freezing
 b - a +0 shortbow of flaming (weapon)
Missiles
 d - 29 arrows (quivered)
 i - 20 sling bullets
 y - 6 poisoned darts
 G - 40 bolts
Armour
 J - a +1 helmet of see invisible (worn)
 P - a +0 cloak (worn)
 T - the +5 robe of Foolhardiness (worn) {+Blink rN+ Dex+3}
   (You found it on level 6 of the Dungeon)

   It affects your dexterity (+3).
   It protects you from negative energy.
   It lets you blink.
Jewellery
 w - a +3 ring of protection (left hand)
 x - a cursed -3 ring of strength {unknown}
 B - an amulet of regeneration (around neck)
 O - a ring of protection from fire (right hand)
Wands
 e - a wand of disintegration (15)
 r - a wand of polymorph (9)
 K - a wand of paralysis (8)
 L - a wand of clouds (8)
 Z - a wand of acid (7)
Scrolls
 c - 2 scrolls of magic mapping
 h - a scroll of amnesia {unknown}
 j - a scroll of vulnerability {unknown}
 k - 2 scrolls of immolation
 l - 2 scrolls of teleportation
 n - 2 scrolls of enchant weapon {unknown}
 q - 6 scrolls of remove curse {unknown}
 F - 2 scrolls of blinking {unknown}
 I - 9 scrolls of identify {unknown}
 M - 2 scrolls of enchant armour {unknown}
 R - a scroll of brand weapon {unknown}
 W - 2 scrolls of fear {unknown}
Potions
 m - a potion of invisibility {unknown}
 p - 2 potions of brilliance {unknown}
 s - a potion of might {unknown}
 t - 5 potions of curing {unknown}
 z - 2 potions of degeneration {unknown}
 A - 4 potions of mutation {unknown}
 C - a potion of haste {unknown}
 E - a potion of ambrosia {unknown}
 N - 2 potions of berserk rage {unknown}
 S - a potion of cancellation {unknown}
 U - a potion of lignification {unknown}
 Y - 2 potions of agility {unknown}
Comestibles
 f - 25 rations
 g - 3 chunks of flesh


   Skills:
 + Level 4.1 Fighting
 * Level 5.0 Axes
   Level 0.1(3.0) Maces & Flails
 + Level 11.0 Bows
 * Level 3.8 Armour
 + Level 3.1 Dodging
 * Level 4.4 Spellcasting
 * Level 6.2 Hexes
 * Level 3.2 Necromancy
 * Level 4.7 Invocations
 + Level 1.8 Evocations


You had one spell level left.
You knew the following spells:

 Your Spells              Type           Power        Failure   Level  Hunger
a - Corona                Hex            ###....      1%          1    None
b - Slow                  Hex            ###.....     2%          2    ##.....
c - Confuse               Hex            ###.....     4%          3    ###....
d - Inner Flame           Hex/Fire       ##......     19%         3    ###....
e - Vampiric Draining     Necr           ##........   17%         3    ###....
f - Cause Fear            Hex            ###.......   16%         4    ####...

Your spell library contained the following spells:

 Spells                   Type           Power        Failure   Level  Hunger
 Confusing Touch          Hex            ###...       1%          1    None
 Animate Skeleton         Necr           N/A          5%          1    None
 Pain                     Necr           ##..         5%          1    None
 Portal Projectile        Hex/Tloc       ##....       19%         3    ###....
 Regeneration             Chrm/Necr      #.........   32%         3    ###....
 Animate Dead             Necr           N/A          50%         4    ####...
 Leda's Liquefaction      Hex/Erth       ##........   52%         4    ####...
 Gell's Gravitas          Tloc           #.........   54%         3    ###....
 Metabolic Englaciation   Hex/Ice        ##........   86%         5    ######.
 Yara's Violent Unravell  Hex/Tmut       ##........   86%         5    ######.
 Petrify                  Tmut/Erth      #.......     91%         4    ####...


Dungeon Overview and Level Annotations

Branches:
Dungeon (8/15)             Temple (1/1) D:6            Lair (2/6) D:8
  Sewer (visited)
  Swamp: Lair:2-4    Shoals: Lair:2-4     Snake: Lair:2-4    Spider: Lair:2-4

Altars:
Ashenzari
Cheibriados
Dithmenos
Fedhas
Gozag
Hepliaklqana
Kikubaaqudgha
Makhleb
Nemelex Xobeh
Qazlal
Sif Muna
Trog
Uskayaw
Vehumet
Wu Jian
Xom
Yredelemnul
The Shining One

Shops:
D:7 :(:[

Annotations:
D:6 Prince Ribbit


Innate Abilities, Weirdness & Mutations

You have hooves in place of feet.
Armour fits poorly on your strangely shaped body.
You cover ground very quickly.
You have extremely tough skin. (AC +3)


Message History

Aim: a water moccasin (heavily wounded, chance to defeat MR: 48%)
The water moccasin resists with some effort.
You feel sick. The wolf bites you. The spiny frog stings you!!
You are more poisoned.
The spiny frog poisons you! The water moccasin barely misses you.
Unknown command.
Casting: Confuse (safe; 4% risk of failure)
Confirm with . or Enter, or press ? or * to list all spells.
Aiming: Confuse (safe; 4% risk of failure)
Press: ? - help, Shift-Dir - straight line, f/p - water moccasin
Aim: a water moccasin (heavily wounded, chance to defeat MR: 48%)
The water moccasin appears confused.
You feel sick. The wolf bites you but does no damage.
The spiny frog misses you. The wolf barely misses you.
Unknown command.
You feel sick. The wolf bites you! The spiny frog stings you!
* * * LOW HITPOINT WARNING * * *
The water moccasin closely misses the wolf.
The wolf bites you but does no damage. The spiny frog stings you!!
You die...

P..#
##...##
.....#
##.....
#.....#
##.....##
#.......#
#....Fh#
#...(S@#
#...##.#
#.(. P.#
#.. ....
.(.###.#..
P..# ## .P
(.. #P. ##


You could see a spiny frog, a water moccasin (confused) and a wolf.

Vanquished Creatures
  Pikel (D:7)
  2 spiny frogs (Lair:1)
  3 hippogriffs
  A human (D:7)
  2 hogs (D:7)
  7 yaks
  3 basilisks
  A water moccasin (Lair:1)
  3 orc warriors
  5 porcupines
  Purgy (Sewer)
  A black bear (D:7)
  A sky beast (D:5)
  3 ogres
  A slave (D:7)
  5 wolves
  2 centaurs (D:7)
  2 crocodiles
  3 bullfrogs
  10 killer bees
  A bullfrog skeleton (D:7)
  3 centaur skeletons
  6 orc priests
  2 iguanas (D:8)
  2 orc wizards (D:8)
  4 worker ants
  A hound skeleton (D:6)
  A worker ant zombie (D:7)
  Robin (D:3)
  8 adders
  A howler monkey skeleton (D:4)
  A shadow imp (D:6)
  An ooze (D:1)
  3 worms
  3 dart slugs
  8 leopard geckos
  26 orcs
  2 giant cockroaches
  16 goblins
  11 hobgoblins
  12 jackals
  2 quokkas (D:4)
  A ball python (D:4)
  14 bats
  5 frilled lizards
  4 kobolds
  A leopard gecko skeleton (D:7)
  9 rats
206 creatures vanquished.

Vanquished Creatures (others)
  3 slaves (D:7)
  A leopard gecko (D:7)
4 creatures vanquished.

Grand Total: 210 creatures vanquished

Notes
Turn   | Place    | Note
-------+----------+-------------------------------------------
     0 | D:1      | Bronimir the Centaur Arcane Marksman began the quest for
                  | the Orb.
     0 | D:1      | Reached XP level 1. HP: 16/16 MP: 2/2
   398 | D:1      | Reached skill level 3 in Bows
   511 | D:1      | Reached XP level 2. HP: 5/23 MP: 3/3
  1720 | D:2      | Reached XP level 3. HP: 28/28 MP: 4/4
  1749 | D:2      | Learned a level 2 spell: Slow
  1857 | D:2      | Reached skill level 4 in Bows
  2241 | D:2      | Reached XP level 4. HP: 35/35 MP: 5/5
  2256 | D:2      | Found an ancient bone altar of Kikubaaqudgha.
  2933 | D:3      | Noticed Robin
  2943 | D:3      | Reached skill level 5 in Bows
  2966 | D:3      | Killed Robin
  3712 | D:4      | Noticed an ogre
  3846 | D:4      | Killed an ogre
  3846 | D:4      | Reached skill level 6 in Bows
  3846 | D:4      | Reached XP level 5. HP: 39/40 MP: 4/6
  4054 | D:4      | Found a glowing drain.
  4058 | D:4      | Reached XP level 6. HP: 47/47 MP: 7/7
  4162 | Sewer    | Entered a sewer
  4210 | Sewer    | Noticed Purgy
  4225 | Sewer    | Killed Purgy
  4225 | Sewer    | Reached skill level 7 in Bows
  4225 | Sewer    | Reached skill level 1 in Armour
  4417 | D:4      | Noticed a hippogriff
  4484 | D:4      | Killed a hippogriff
  4484 | D:4      | Reached XP level 7. HP: 29/53 MP: 4/8
  4555 | D:4      | Found an ornate altar of the Wu Jian Council.
  4630 | D:4      | Found a blossoming altar of Fedhas.
  4630 | D:4      | Found a hide-covered altar of Uskayaw.
  4630 | D:4      | Found a shimmering altar of Xom.
  4892 | D:5      | Entered Level 5 of the Dungeon
  5097 | D:5      | Reached skill level 8 in Bows
  5481 | D:5      | Found a glowing golden altar of the Shining One.
  5961 | D:6      | Reached skill level 1 in Axes
  5961 | D:6      | Reached skill level 9 in Bows
  6051 | D:6      | Learned a level 3 spell: Confuse
  6162 | D:6      | Reached XP level 8. HP: 55/62 MP: 10/10
  6239 | D:6      | Got a warped robe
  6250 | D:6      | Identified the +5 robe of Foolhardiness {+Blink rN+ Dex+3}
                  | (You found it on level 6 of the Dungeon)
  6574 | D:6      | Found a staircase to the Ecumenical Temple.
  6588 | Temple   | Entered the Ecumenical Temple
  6883 | Temple   | Became a worshipper of Makhleb the Destroyer
  7408 | D:7      | Noticed a hippogriff
  7419 | D:7      | Killed a hippogriff
  7419 | D:7      | Reached skill level 1 in Evocations
  7420 | D:7      | Found Acyg Sah's Book Shoppe.
  7461 | D:7      | Noticed Prince Ribbit
  7784 | D:7      | Reached skill level 1 in Invocations
  7813 | D:7      | Noticed Pikel
  7860 | D:7      | Killed Pikel
  7860 | D:7      | Reached skill level 5 in Hexes
  8024 | D:7      | Learned a level 3 spell: Inner Flame
  8049 | D:7      | Found Xuew's Book Emporium.
  8055 | D:7      | Bought a book of Necromancy for 420 gold pieces
  8059 | D:7      | Learned a level 3 spell: Vampiric Draining
  8134 | D:7      | Found Paubrippa's Armour Boutique.
  8287 | D:7      | Found a shattered altar of Ashenzari.
  8366 | D:7      | Reached XP level 9. HP: 37/69 MP: 12/12
  8612 | D:7      | Reached skill level 1 in Necromancy
  8705 | D:7      | Reached skill level 10 in Bows
  9011 | D:7      | Reached * piety under Makhleb
  9175 | D:7      | Found Myasunl Bisa's Weapon Shoppe.
  9351 | D:7      | Found a bloodstained altar of Trog.
 10063 | D:8      | Reached XP level 10. HP: 72/78 MP: 15/15
 10205 | D:8      | Found a staircase to the Lair.
 10543 | Lair:1   | Entered Level 1 of the Lair of Beasts
 10588 | Lair:1   | Noticed a spiny frog
 10617 | Lair:1   | Killed a spiny frog
 10741 | Lair:1   | Noticed a spiny frog
 10753 | Lair:1   | Killed a spiny frog
 10753 | Lair:1   | Reached ** piety under Makhleb
 11271 | Lair:1   | Reached skill level 11 in Bows
 11460 | Lair:2   | Noticed a spiny frog
 11503 | D:8      | HP: 2/78 [wolf (8)]
 11616 | D:8      | Reached skill level 5 in Axes
 11663 | Lair:1   | Learned a level 4 spell: Cause Fear
 11684 | Lair:2   | Mangled by a spiny frog

Levels and vault maps discovered:
D:1:      dpeg_arrival_radiant, layout_loops_cross
D:2:      minmay_inner_zag, layout_basic, kiku_gazebo_garden_becter,
          nicolae_overflow_hidden_temple
D:3:      layout_basic, first_ration, serial_bayou_lake_a, uniq_robin
D:4:      layout_loops_cross, kennysheep_mini_moat,
          gammafunk_temple_overflow_claw, portal_sewer_entry_a, st_stairs_2,
          grunt_ministairs_8
D:5:      layout_loops_ring, tso_altar, kennysheep_boxes
D:6:      layout_basic, temple_hall, corexii_shack
D:7:      layout_basic, ashenzari_altar_1, marbit_many_paths, serial_shops,
          nicolae_shop_crystal, nicolae_shop_trees, nicolae_shop_stone, shop,
          grunt_livestock, uniq_prince_ribbit1, uniq_pikel
D:8:      layout_loops_ring, kennysheep_little_box, minmay_lair_entry_grove,
          serial_bayou_lagoon_a
Temple:   dpeg_chambers_temple
Lair:1:   layout_gridlike, patterned_corridor
Lair:2:   layout_cave_pods, dummy_spider_entry, basic_altar,
          serial_bayou_shore_b

Skill      XL: |  1  2  3  4  5  6  7  8  9 10 |
---------------+-------------------------------+-----
Hexes          | 3 4 5 6 |  6.2
Bows           | 3 4 6 7 9 10 11 | 11.0
Armour         | 1 2 3 |  3.8
Dodging        | 2 3 |  3.1
Fighting       | 2 3 4 |  4.1
Axes           | 1 3 4 5 |  5.0
Evocations     | 1 |  1.8
Spellcasting   | 2 3 4 |  4.4
Invocations    | 2 3 4 |  4.7
Necromancy     | 2 3 |  3.2
Maces & Flails | |  0.1

Action                   |  1- 3 |  4- 6 |  7- 9 | 10-12 || total
-------------------------+-------+-------+-------+-------++-------
Melee: Whip              |       |    30 |       |       ||    30
       Kick              |       |    12 |    36 |    34 ||    82
       Hand axe          |       |     8 |   165 |   109 ||   282
 Fire: Shortbow          |   139 |   146 |   269 |    99 ||   653
Throw: Stone             |     1 |       |     5 |       ||     6
 Cast: Corona            |     7 |     7 |       |       ||    14
       Slow              |       |     6 |    16 |     1 ||    23
       Confuse           |       |       |    13 |    16 ||    29
       Vampiric Draining |       |       |     6 |     4 ||    10
       Inner Flame       |       |       |     2 |       ||     2
       Cause Fear        |       |       |       |     1 ||     1
 Abil: Evoke Blink       |       |       |     3 |       ||     3
  Use: Scroll            |       |       |     6 |       ||     6
       Potion            |       |       |     1 |     2 ||     3
 Stab: Confused          |       |       |       |     4 ||     4
  Eat: Chunk             |     3 |     5 |    19 |     7 ||    34
Armor: Robe              |    22 |       |   152 |    91 ||   265
       Leather armour    |       |    65 |    41 |       ||   106
Dodge: Dodged            |    27 |    63 |   169 |   115 ||   374
